Map: Abyssal Reef LE

Players

SolO - Winner!

  • Race: Zerg Zerg
  • Spawn Location: 11:00

Allaryce

  • Race: Zerg Zerg
  • Spawn Location: 5:00

Event: WCS Valencia 2017

VOD

Have the link to the VOD?

Description

Time

  • Played on: July 13, 2017, 7:14 a.m.
  • Length: 8:16

All games in this series

Show
View Real Time Build Order
Export as new Build Order

SolO Zerg - Winner!

Build Orders: Pool First 

Get SALT Encoding   

  12  0:00  Drone  
  13  0:12  Overlord  
  13  0:17  Drone  
  14  0:30  Drone x2  
  14  0:35  Drone  
  17  0:45  Spawning Pool  
  17  0:48  Drone  
  17  0:56  Drone  
  18  1:11  Hatchery  
  18  1:15  Drone  
  18  1:17  Extractor  
  17  1:31  Zergling x2  
  17  1:32  Zergling x2  
  19  1:33  Queen  
  19  1:39  Zergling x2  
  22  1:49  Overlord  
  22  2:08  Queen  
  22  2:10  Drone  
  22  2:11  Drone  
  26  2:16  Metabolic Boost  
  26  2:23  Queen  
  26  2:28  Drone  
  26  2:29  Drone  
  30  2:38  Drone x2  
  30  2:43  Baneling Nest  
  31  2:48  Drone x2  
  33  2:54  Overlord  
  33  2:57  Drone  
  34  3:03  Drone x2  
  36  3:10  Overlord  
  35  3:13  Zergling x2  
  35  3:14  Zergling x2  
  35  3:17  Zergling x2  
  38  3:25  Zergling x6  
  41  3:31  Zergling x8  
  43  3:42  Zergling x4  
  43  3:48  Overlord  
  45  4:01  Zergling x4  
  43  4:05  Baneling x2  
  43  4:07  Zergling x14  
  50  4:16  Baneling x4  
  50  4:20  Hatchery  
  50  4:22  Drone x2  
  51  4:28  Baneling  
  51  4:35  Drone  
  51  4:36  Drone x4  
  56  4:39  Overlord  
  55  4:51  Overlord  
  51  4:56  Roach Warren  
  51  4:57  Evolution Chamber, Drone  
  43  5:05  Drone x3  
  45  5:07  Drone  
  45  5:08  Extractor, Drone x2  
  45  5:10  Extractor  
  45  5:13  Lair  
  46  5:19  Drone  
  47  5:27  Extractor, Drone x3  
  47  5:28  Drone  
  50  5:36  Roach  
  50  5:37  Roach x2  
  50  5:39  Drone x2  
  50  5:40  Drone x2  
  60  5:44  Queen  
  61  5:51  Roach x2  
  61  5:56  Drone  
  69  5:57  Drone x3  
  69  6:01  Zerg Missile Weapons Level 1  
  69  6:06  Overlord  
  69  6:10  Glial Reconstitution  
  69  6:15  Roach x2  
  73  6:20  Overlord x2  
  73  6:25  Drone  
  74  6:26  Drone x3  
  74  6:31  Drone x4  
  81  6:34  Overlord  
  81  6:45  Roach x4  
  81  6:46  Roach  
  89  6:53  Roach  
  89  6:54  Roach x3  
  97  6:57  Overlord  
  97  7:03  Ravager x4  
  97  7:05  Drone x5  
  97  7:07  Extractor  
  105  7:10  Overlord x2  
  105  7:12  Drone  
  106  7:17  Roach  
  106  7:18  Roach x2  
  112  7:24  Overlord x2  
  112  7:25  Overlord  
  112  7:32  Roach x4  
  112  7:35  Overlord  
  120  7:41  Roach x3  
  126  7:46  Roach  
  126  7:47  Roach x3  
  126  7:49  Baneling  
  126  7:50  Baneling  
  133  7:54  Roach  
  133  7:55  Roach x3  
Show
View Real Time Build Order
Export as new Build Order

Allaryce Zerg 

Build Orders: Hatch First 

Get SALT Encoding   

  12  0:01  Drone  
  13  0:13  Overlord  
  13  0:19  Drone  
  14  0:31  Drone x2  
  16  0:36  Drone  
  17  0:54  Hatchery  
  16  0:57  Drone  
  16  1:00  Extractor  
  16  1:01  Drone  
  17  1:16  Spawning Pool  
  16  1:21  Drone  
  16  1:22  Drone  
  18  1:30  Drone  
  19  1:39  Overlord  
  19  2:03  Zergling x4  
  19  2:06  Queen  
  19  2:07  Zergling x2, Metabolic Boost  
  24  2:11  Queen  
  24  2:15  Drone  
  27  2:18  Drone  
  28  2:29  Drone x2  
  30  2:38  Overlord  
  30  2:39  Overlord  
  30  3:01  Baneling Nest  
  30  3:03  Drone  
  30  3:06  Queen  
  30  3:07  Drone  
  31  3:13  Drone x4  
  33  3:32  Zergling x14  
  38  3:40  Drone  
  38  3:41  Zergling x2  
  36  3:51  Evolution Chamber  
  35  4:13  Zergling x16  
  40  4:19  Baneling x2  
  40  4:21  Baneling x3  
  40  4:23  Drone x4  
  41  4:48  Drone x4  
  34  4:53  Zergling x2  
  35  5:04  Overlord  
  35  5:05  Zergling x2  
  35  5:07  Queen  
  35  5:11  Zergling x2  
  35  5:13  Baneling x2  
  38  5:15  Zergling x2  
  38  5:17  Zerg Melee Weapons Level 1  
  38  5:18  Lair  
  38  5:20  Hatchery  
  38  5:22  Zergling x2  
  38  5:27  Baneling x2  
  39  5:36  Overlord  
  39  5:37  Overlord  
  39  5:39  Overlord  
  38  6:01  Baneling x2  
  38  6:03  Zergling x10  
  43  6:08  Extractor  
  43  6:09  Extractor  
  43  6:10  Drone  
  42  6:15  Drone  
  44  6:28  Drone x3  
  44  6:29  Drone  
  44  6:32  Queen  
  49  6:47  Baneling  
  49  6:48  Baneling  
  49  6:58  Zergling x18  
  58  7:02  Hydralisk Den  
  58  7:06  Evolution Chamber  
  55  7:19  Zergling x2  
  55  7:20  Zergling x14  
  63  7:33  Hydralisk x5  
  73  7:38  Overlord x5  
  73  7:46  Extractor  
  73  7:49  Extractor  
Tags
 
Add a new tag
Caveats
  • Supply blocks, unpowered buildings, or Contaminate may cause inaccurate times.
  • Supply counts are checked every 10 seconds.